 Seeded DCSS version 0.30-a0-948-g4fa250aae5 (webtiles) character file.

Game seed: 3841577309390396182 (custom seed)

146297 bmack86 the Warrior (level 16, -1/161 HPs)
             Began as a Minotaur Fighter on Mar 26, 2023.
             Was the Champion of Okawaru.
             Slain by a deep elf blademaster
             ... wielding a +0 rapier
              (5 damage)
             ... on level 2 of the Elven Halls.
             The game lasted 01:08:18 (20037 turns).

bmack86 the Warrior (Minotaur Fighter)             Turns: 20037, Time: 01:08:19

Health: -1/161     AC: 39    Str: 24    XL:     16   Next: 89%
Magic:  24/24      EV:  6    Int: 10    God:    Okawaru [******]
Gold:   1168       SH: 21    Dex: 13    Spells: 15/15 levels left

rFire   x . .      SeeInvis +    H - +10 broad axe of Wrath {freeze, rC++}
rCold   + + .      Faith    .    x - +2 tower shield of the Endless Expanse {Will+ Regen+}
rNeg    + + .      Spirit   .    X - +15 Maxwell's patent armour {-Cast -Tele rElec Will+ rCorr}
rPois   .          Reflect  .    m - +1 hat of Valiance {rF- rN++ Regen+ SInv}
rElec   +          Rampage  .    R - scarf of Wonderful Lucidity {+Inv, Will++ Int+3}
rCorr   +          NoTele   +    E - +1 pair of gloves
Will    +++++      NoCast   +    A - +2 pair of boots Stlth
                                 (no amulet)
HPRegen 2.06/turn                O - +4 ring of slaying
MPRegen 0.19/turn                J - +4 ring of slaying

@: no status effects
A: horns 2, retaliatory headbutt
a: Renounce Religion, Evoke Invisibility, Heroism, Finesse, Duel


You were on level 2 of the Elven Halls.
You worshipped Okawaru.
Okawaru was exalted by your worship.
You visited 5 branches of the dungeon, and saw 25 of its levels.
You also visited: Ossuary and Gauntlet.

You collected 2656 gold pieces.
You spent 1488 gold pieces at shops.

Inventory:

Hand Weapons
 H - the +10 broad axe of Wrath (weapon) {freeze, rC++}
   (Okawaru gifted it to you on level 13 of the Dungeon)

   rC:        It greatly protects you from cold.
 V - a +4 spectral broad axe
Missiles
 n - 6 throwing nets
 s - 20 poisoned darts (quivered)
 t - 3 silver javelins
 G - 15 javelins
 W - 9 boomerangs
Armour
 e - a +2 hat of stealth
 g - a +1 cloak of preservation
 m - the +1 hat of Valiance (worn) {rF- rN++ Regen+ SInv}
   (Okawaru gifted it to you on level 5 of the Lair of Beasts)

   rF:        It makes you vulnerable to fire.
   rN:        It greatly protects you from negative energy.
   SInv:      It lets you see invisible.
   Regen:     It increases your rate of health regeneration.
 x - the +2 tower shield of the Endless Expanse (worn) {Will+ Regen+}
   (You found it on level 3 of the Dungeon)

   Regen:     It increases your rate of health regeneration.
   Will:      It increases your willpower.
 A - a +2 pair of boots (worn)
 E - a +1 pair of gloves (worn)
 R - the scarf of Wonderful Lucidity (worn) {+Inv, Will++ Int+3}
   (Okawaru gifted it to you on level 15 of the Dungeon)

   Int:       It affects your intelligence (+3).
   Will:      It greatly increases your willpower.
 X - the +15 Maxwell's patent armour (worn) {-Cast -Tele rElec Will+ rCorr}
   (You bought it in a shop on level 4 of the Dungeon)

   rElec:     It insulates you from electricity.
   -Cast:     It prevents spellcasting.
   -Tele:     It prevents most forms of teleportation.
   rCorr:     It protects you from acid and corrosion.
   Will:      It increases your willpower.
Jewellery
 a - the ring "Bauxkiba" {rF- rC+ rN+ AC+4}
   (You found it in a Gauntlet)

   [ring of protection]

   AC:        It affects your AC (+4).
   rF:        It makes you vulnerable to fire.
   rC:        It protects you from cold.
   rN:        It protects you from negative energy.
 f - an amulet of reflection
 J - a +4 ring of slaying (right hand)
 L - a ring of poison resistance
 O - a +4 ring of slaying (left hand)
 S - an amulet of regeneration
Wands
 d - a wand of iceblast (3)
 i - a wand of flame (13)
 C - a wand of quicksilver (5)
Scrolls
 b - a scroll of identify
 c - a scroll of acquirement {unknown}
 l - 5 scrolls of magic mapping
 o - 13 scrolls of teleportation
 q - 3 scrolls of amnesia
 y - 3 scrolls of fear
 B - 9 scrolls of poison
 D - 3 scrolls of blinking
 P - a scroll of fog
Potions
 h - 7 potions of magic
 j - 18 potions of curing
 k - 2 potions of brilliance
 p - 2 potions of cancellation
 r - 8 potions of haste
 u - 2 potions of flight
 v - 4 potions of invisibility
 w - 6 potions of heal wounds
 z - 4 potions of resistance
 I - 4 potions of berserk rage
 K - 4 potions of ambrosia
 T - 2 potions of might


   Skills:
 + Level 19.4 Fighting
 - Level 18.0 Axes
 - Level 10.0 Throwing
 + Level 16.0 Armour
 + Level 16.1 Shields
 + Level 12.1 Invocations


You had 15 spell levels left.
You didn't know any spells.
Your spell library contained the following spells:

 Spells                   Type           Power      Damage    Failure   Level
 Magic Dart               Conj           0%         1d3       100%        1
 Blink                    Tloc           0%         N/A       100%        2
 Cigotuvi's Dreadful Rot  Necr/Pois/Air  0%         N/A       100%        2
 Poisonous Vapours        Pois/Air       0%         N/A       100%        2
 Searing Ray              Conj           0%         2d4       100%        2
 Sublimation of Blood     Necr           0%         N/A       100%        2
 Dazzling Flash           Conj/Hex       0%         N/A       100%        3
 Frozen Ramparts          Ice            0%         1d1       100%        3
 Ignite Poison            Fire/Tmut/Pois 0%         N/A       100%        3
 Inner Flame              Hex/Fire       0%         N/A       100%        3
 Kindle Blastsparks       Fire/Tloc/Air  0%         2d10      100%        3
 Mephitic Cloud           Conj/Pois/Air  0%         N/A       100%        3
 Ozocubu's Armour         Ice            0%         N/A       100%        3
 Cause Fear               Hex            0%         N/A       100%        4
 Flame Wave               Conj/Fire      0%         2d4       100%        4
 Fulminant Prism          Conj/Hex       0%         3d5       100%        4
 Ice Form                 Ice/Tmut       0%         N/A       100%        4
 Iskenderun's Mystic Bla  Conj/Tloc      0%         2d3       100%        4
 Manifold Assault         Tloc           0%         N/A       100%        4
 Olgreb's Toxic Radiance  Pois           0%         N/A       100%        4
 Passage of Golubria      Tloc           0%         N/A       100%        4
 Petrify                  Tmut/Erth      0%         N/A       100%        4
 Agony                    Necr           0%         N/A       100%        5
 Alistair's Intoxication  Tmut/Pois      0%         N/A       100%        5
 Borgnjor's Vile Clutch   Necr/Erth      0%         N/A       100%        5
 Freezing Cloud           Conj/Ice/Air   0%         6-21      100%        5
 Irradiate                Conj/Tmut      0%         3d11      100%        5
 Silence                  Hex/Air        0%         N/A       100%        5
 Eringya's Noxious Bog    Tmut/Pois      0%         N/A       100%        6
 Starburst                Conj/Fire      0%         6d3       100%        6
 Ozocubu's Refrigeration  Ice            0%         4d7       100%        7
 Storm Form               Tmut/Air       0%         N/A       100%        7
 Discord                  Hex            0%         N/A       100%        8
 Ignition                 Fire           0%         3d3       100%        8
 Lehudib's Crystal Spear  Conj/Erth      0%         10d2      100%        8
 Fire Storm               Conj/Fire      0%         5d1       100%        9
 Summon Small Mammal      Summ           Unusable   N/A       N/A         1
 Summon Ice Beast         Ice/Summ       Unusable   N/A       N/A         4

Dungeon Overview and Level Annotations

Branches:
Dungeon (15/15)            Temple (1/1) D:7            Lair (5/5) D:8
 Shoals (0/4) Lair:2       Spider (0/4) Lair:2        Slime (0/5) Lair:4
    Orc (2/2) D:9             Elf (2/3) Orc:2        Vaults (0/5) D:13
 Depths (0/4) D:15        Ossuary (visited)         Gauntlet (visited)

Altars:
Cheibriados
Dithmenos
Fedhas
Gozag
Hepliaklqana
Nemelex Xobeh
Okawaru
Sif Muna
Uskayaw
Vehumet
Wu Jian
Xom
Yredelemnul
Zin
Jiyva

Shops:
D:3 ?   D:4 =[(   D:6 *   D:14 [   D:15 *   Orc:1 =   Elf:2 (

Annotations:
D:2 1 runed translucent door, Crazy Yiuf
Elf:1 3 runed translucent doors, holysushi's ghost, journeyman HOMo


Innate Abilities, Weirdness & Mutations

You have a pair of horns on your head.
You reflexively headbutt those who attack you in melee.


Message History

You block the deep elf blademaster's attack.
The deep elf blademaster hits you but does no damage.
The +2 halberd of freezing hits you from afar!
The +2 halberd of freezing freezes you.
The deep elf knight casts a spell.
The deep elf knight flickers and vanishes for a moment.
You block the deep elf knight's attack.
The +1 heavy trident hits you but does no damage.
The deep elf knight hits you with a +0 scimitar!
The deep elf knight gestures wildly while chanting.
The deep elf knight seems to speed up.
The +4 vampiric halberd hits you from afar!
* * * LOW HITPOINT WARNING * * *
The +0 glaive of protection hits you from afar!!
* * * LOW HITPOINT WARNING * * *
You hit the deep elf blademaster.
The deep elf blademaster is severely wounded.
You slice the deep elf knight!! You freeze the deep elf knight!
You kill the deep elf knight!
Okawaru accepts your kill.
You slash the deep elf knight! You freeze the deep elf knight.
You slash the deep elf knight! You freeze the deep elf knight.
You kill the deep elf knight!
Okawaru accepts your kill. Okawaru grants you armour!
Something appears at your feet!
You see here a +2 buckler of reflection.
You block the deep elf blademaster's attack.
The deep elf blademaster hits you with a +0 rapier!
* * * LOW HITPOINT WARNING * * *
You block the +2 halberd of freezing's attack.
The deep elf knight points at you and mumbles some strange words.
The shard of ice hits you! You partially resist.
* * * LOW HITPOINT WARNING * * *
The deep elf knight casts a spell.
The deep elf knight flickers and vanishes for a moment.
You block the +1 heavy trident's attack.
You block the +4 vampiric halberd's attack.
The deep elf blademaster hits you with a +0 rapier.
You die...

...e# #......
.....###.......
..........e....
..................
..................
#....(..........
#..e)).........
#.e@).........
###.)(........
#######(((.......#
##.......'.(.....#
##..⌠.....##......#
##.........##......#
##..........###......#
##...........# #......
#..........⌠.# #.....


You could see a deep elf blademaster, 3 deep elf knights and 6 dancing weapons.

Vanquished Creatures
  Saint Roka (Elf:2)
  Rupert (D:12)
  A deep elf sorcerer (Elf:1)
  An orc warlord (D:14)
  An ironbound preserver (D:13)
  A deep elf demonologist (Elf:1)
  3 deep elf annihilators (Elf:2)
  A minotaur (Gauntlet)
  A dire elephant (D:15)
  The ghost of Jogov the Destroyer, a journeyman DgHW (D:14)
  Snorg (D:13)
  Josephine (Orc:2)
  Harold (D:9)
  A deep elf high priest (Elf:2)
  A rakshasa (D:14)
  A hell beast (Gauntlet)
  5 hydras
  2 catoblepae
  2 ogre magi (D:15)
  12 two-headed ogres
  11 dancing weapons
  16 death yaks
  9 centaur warriors
  6 boulder beetles
  3 tengu warriors
  A naga warrior (D:14)
  Sonja (D:12)
  5 deep elf knights
  4 skeletal warriors
  2 skysharks
  2 lindwurms (Lair:5)
  6 deep elf archers
  23 deep elf zephyrmancers
  2 orc sorcerers
  23 deep elf pyromancers
  A wolf spider (Lair:5)
  8 ugly things
  6 manticores
  A guardian serpent (shapeshifter) (D:13)
  A salamander (D:15)
  9 cyclopes
  11 elephants
  A water nymph (Lair:2)
  Maurice (D:10)
  10 black mambas
  A black mamba (shapeshifter) (D:14)
  A guardian serpent (Lair:5)
  2 eyes of devastation (Gauntlet)
  An unseen horror (D:13)
  3 gargoyles (D:13)
  16 cane toads
  Maggie (D:6)
  9 rime drakes
  2 kobold demonologists
  An efreet (D:13)
  12 komodo dragons
  10 polar bears
  5 trolls
  11 blink frogs
  6 meliai
  2 hornets (Lair:5)
  Grinder (D:6)
  2 raiju
  A spriggan (Lair:4)
  2 air elementals
  10 slime creatures
  A vampire (D:12)
  4 water elementals
  17 yaks
  A shadow (D:10)
  13 wyverns
  2 fire elementals (Elf:1)
  6 wraiths
  A golden eye (Gauntlet)
  3 redbacks (Lair:5)
  5 vampire mosquitoes
  8 basilisks
  Grum (D:9)
  5 steam dragons
  Duvessa (D:6)
  2 acid dragons
  A swamp worm (shapeshifter) (Elf:1)
  20 water moccasins
  6 wargs (Lair:5)
  A sky beast (D:7)
  A floating eye (Gauntlet)
  14 hell hounds (Lair:5)
  16 black bears
  An ice beast (D:6)
  13 orc warriors
  10 ogres
  5 centaurs
  22 wolves
  2 phantoms (D:6)
  2 kobold brigands
  Blork the orc (D:5)
  14 bullfrogs
  An earth elemental (Elf:2)
  3 scorpions
  3 gnoll sergeants
  11 wights
  Dowan (D:6)
  11 killer bees
  6 electric eels
  6 howler monkeys
  3 hounds
  6 jellies
  A gnoll bouda (D:7)
  7 orc priests
  Natasha (D:2)
  A sleepcap (D:7)
  An iguana (D:5)
  14 orc wizards
  3 mummies (Ossuary)
  19 gnolls
  10 adders
  An ufetubus (D:5)
  A worm (D:4)
  A dart slug (D:3)
  38 orcs
  7 ball pythons
  6 endoplasms
  8 giant cockroaches
  12 goblins
  12 hobgoblins
  4 jackals (D:1)
  7 quokkas
  3 bats
  2 frilled lizards
  6 goblin zombies (Ossuary)
  3 hobgoblin zombies (Ossuary)
  17 kobolds
  A kobold zombie (Ossuary)
  5 rats
742 creatures vanquished.

Vanquished Creatures (others)
  A deep elf knight (Elf:2)
  2 deep elf pyromancers (Elf:2)
  43 fungi
  85 plants
131 creatures vanquished.

Grand Total: 873 creatures vanquished

Notes
Turn   | Place    | Note
-------+----------+-------------------------------------------
     0 | D:1      | bmack86 the Minotaur Fighter began the quest for the Orb.
     0 | D:1      | Reached XP level 1. HP: 19/19 MP: 0/0
   107 | D:1      | Reached XP level 2. HP: 27/27 MP: 1/1
   384 | D:1      | Reached skill level 4 in Fighting
   626 | D:1      | Reached XP level 3. HP: 33/33 MP: 2/2
  1466 | D:2      | Noticed Natasha
  1476 | D:2      | Killed Natasha
  1477 | D:2      | Reached skill level 1 in Throwing
  1477 | D:2      | Reached XP level 4. HP: 24/41 MP: 1/3
  1643 | D:2      | Found a runed translucent door.
  1644 | D:2      | Noticed Crazy Yiuf
  1778 | D:3      | Found Ruoj Bon's Magic Scroll Boutique.
  1788 | D:3      | Bought a scroll of identify for 24 gold pieces
  2077 | D:3      | Identified the +2 tower shield of the Endless Expanse
                  | {Will+ Regen+}
  2504 | D:4      | Found Quoxoum's Weapon Shoppe.
  2505 | D:4      | Found Zirchise's Armour Emporium.
  2566 | D:4      | Reached XP level 5. HP: 47/47 MP: 2/4
  2612 | D:4      | Found Okkemaoc's Jewellery Emporium.
  2623 | D:4      | Reached skill level 5 in Fighting
  2976 | D:5      | Entered Level 5 of the Dungeon
  3050 | D:5      | Noticed an ogre
  3078 | D:5      | Reached skill level 5 in Axes
  3078 | D:5      | Reached XP level 6. HP: 35/56 MP: 3/5
  3107 | D:5      | Reached skill level 5 in Armour
  3107 | D:5      | Reached skill level 5 in Shields
  3148 | D:5      | Reached skill level 6 in Fighting
  3148 | D:5      | Reached XP level 7. HP: 63/63 MP: 3/6
  3563 | D:5      | Noticed Blork the orc
  3584 | D:5      | Killed Blork the orc
  4147 | D:6      | Noticed Maggie
  4166 | D:6      | Killed Maggie
  4167 | D:6      | Reached skill level 7 in Fighting
  4167 | D:6      | Reached XP level 8. HP: 9/73 MP: 0/7
  4238 | D:6      | Found a sand-covered staircase.
  4246 | Ossuary  | Entered an ossuary
  4749 | D:6      | Reached skill level 8 in Fighting
  4784 | D:6      | Noticed Duvessa
  4785 | D:6      | Noticed Dowan
  4794 | D:6      | Killed Duvessa
  4822 | D:6      | Killed Dowan
  4827 | D:6      | Reached XP level 9. HP: 27/82 MP: 3/8
  4843 | D:6      | Reached skill level 9 in Fighting
  5037 | D:6      | Noticed Grinder
  5067 | D:6      | Killed Grinder
  5222 | D:6      | Found Engoetou's Assorted Antiques.
  5333 | D:4      | Bought a +2 plate armour of willpower for 400 gold pieces
  5787 | D:6      | Noticed a +0 dagger
  5788 | D:6      | Noticed a +0 spear
  5789 | D:6      | Noticed a +0 spear
  5796 | D:6      | Found a hide-covered altar of Uskayaw.
  5804 | D:6      | Noticed a +0 dagger
  5804 | D:6      | Noticed a +0 falchion
  5807 | D:6      | Noticed a +0 short sword
  5807 | D:6      | Noticed a +0 falchion
  5807 | D:6      | Noticed a +0 short sword
  6001 | D:7      | Reached skill level 5 in Throwing
  6315 | D:7      | Reached skill level 10 in Fighting
  6322 | D:7      | Reached skill level 10 in Axes
  6605 | D:7      | Found a staircase to the Ecumenical Temple.
  6638 | Temple   | Entered the Ecumenical Temple
  6646 | Temple   | Became a worshipper of Warmaster Okawaru
  6773 | D:8      | Noticed a cyclops
  6781 | D:8      | Reached XP level 10. HP: 56/94 MP: 9/9
  6785 | D:8      | Reached skill level 1 in Invocations
  6791 | D:8      | Reached * piety under Okawaru
  6847 | D:8      | Killed a cyclops
  6860 | D:8      | Found a viscous altar of Jiyva.
  7066 | D:8      | Found a staircase to the Lair.
  7436 | D:9      | Noticed Harold
  7450 | D:9      | Killed Harold
  7451 | D:9      | Reached skill level 11 in Fighting
  7482 | D:9      | Identified the +7 falchion of Departure {venom, rElec rN+}
  7484 | D:9      | Noticed Grum
  7493 | D:9      | Reached ** piety under Okawaru
  7500 | D:9      | Killed Grum
  7637 | D:9      | Found a shimmering altar of Xom.
  7727 | D:9      | Found a staircase to the Orcish Mines.
  7819 | D:10     | Entered Level 10 of the Dungeon
  7919 | D:10     | Noticed a boulder beetle
  7950 | D:10     | Killed a boulder beetle
  7950 | D:10     | Reached *** piety under Okawaru
  7951 | D:10     | Reached XP level 11. HP: 104/104 MP: 12/12
  8006 | D:10     | Reached skill level 12 in Fighting
  8247 | D:10     | Noticed Maurice
  8266 | D:10     | Killed Maurice
  8282 | D:10     | Found a glowing silver altar of Zin.
  8295 | D:10     | Found a snail-covered altar of Cheibriados.
  8460 | D:11     | Noticed a two-headed ogre
  8470 | D:11     | Killed a two-headed ogre
  8631 | D:11     | Received a gift from Okawaru
  9004 | D:12     | Noticed Sonja
  9004 | D:12     | Noticed a two-headed ogre
  9004 | D:12     | Noticed a two-headed ogre
  9078 | D:11     | Killed a two-headed ogre
  9078 | D:11     | Reached **** piety under Okawaru
  9164 | D:12     | Killed Sonja
  9258 | D:12     | Received a gift from Okawaru
  9296 | D:13     | Noticed Snorg
  9297 | D:13     | Noticed a centaur warrior
  9305 | D:13     | Killed Snorg
  9306 | D:13     | Reached skill level 13 in Fighting
  9310 | D:13     | Killed a centaur warrior
  9410 | D:13     | Reached skill level 10 in Shields
  9410 | D:13     | Reached skill level 5 in Invocations
  9472 | D:13     | Reached ***** piety under Okawaru
  9473 | D:13     | Reached skill level 10 in Armour
  9522 | D:13     | Noticed a boulder beetle
  9537 | D:13     | Killed a boulder beetle
  9537 | D:13     | Identified the +10 broad axe of Wrath {freeze, rC++}
                  | (Okawaru gifted it to you on level 13 of the Dungeon)
  9537 | D:13     | Received a gift from Okawaru
  9538 | D:13     | Reached XP level 12. HP: 52/115 MP: 14/14
  9601 | D:13     | Noticed a two-headed ogre
  9607 | D:13     | Killed a two-headed ogre
  9948 | D:13     | Noticed a centaur warrior
  9951 | D:13     | Killed a centaur warrior
 10001 | D:13     | Found a gate to the Vaults.
 10001 | D:13     | Noticed an ironbound preserver
 10009 | D:13     | Reached skill level 14 in Fighting
 10009 | D:13     | Killed an ironbound preserver
 10375 | D:12     | Identified the +9 rapier "Dabeetyf" {flame, Int+4}
 10384 | D:12     | Killed a two-headed ogre
 10384 | D:12     | Identified the scarf "Iblejuexe" {+Inv, rC+ MP+9 Dex+4}
                  | (Okawaru gifted it to you on level 12 of the Dungeon)
 10384 | D:12     | Received a gift from Okawaru
 10469 | D:12     | Noticed Rupert
 10481 | D:12     | Killed Rupert
 11004 | D:14     | Found a runed translucent gate.
 11004 | D:14     | Found a runed translucent gate.
 11004 | D:14     | Found an iron altar of Okawaru.
 11004 | D:14     | Found a runed translucent gate.
 11004 | D:14     | Noticed a centaur warrior
 11004 | D:14     | Noticed a centaur warrior
 11004 | D:14     | Noticed a naga warrior
 11004 | D:14     | Noticed Jogov's ghost (journeyman DgHW)
 11004 | D:14     | Noticed a tengu warrior
 11004 | D:14     | Noticed a centaur warrior
 11064 | D:14     | Noticed an orc warlord
 11104 | D:14     | Noticed an eight-headed hydra
 11109 | D:14     | Killed a ten-headed hydra
 11110 | D:14     | Reached XP level 13. HP: 123/125 MP: 13/16
 11205 | D:14     | Found Xumyodun's Antique Armour Boutique.
 11292 | D:14     | Reached skill level 15 in Fighting
 11433 | D:14     | Reached skill level 15 in Axes
 11693 | D:14     | Received a gift from Okawaru
 11702 | D:14     | Killed an orc warlord
 11702 | D:14     | Killed Jogov's ghost
 11702 | D:14     | Identified the +8 quarterstaff of Broken Luck {flame,
                  | *Noise Fly rF- rN+++} (Okawaru gifted it to you on level 14
                  | of the Dungeon)
 11702 | D:14     | Received a gift from Okawaru
 11808 | D:15     | Entered Level 15 of the Dungeon
 11942 | D:15     | Reached ****** piety under Okawaru
 11942 | D:15     | Identified the +0 buckler of Kunkef {rF+ Str+5} (Okawaru
                  | gifted it to you on level 15 of the Dungeon)
 11942 | D:15     | Received a gift from Okawaru
 11982 | D:15     | Found Sekoexkun's Assorted Antiques.
 12006 | D:15     | Reached skill level 16 in Fighting
 12077 | D:15     | Reached XP level 14. HP: 136/137 MP: 18/18
 12298 | D:15     | Identified the scarf of Wonderful Lucidity {+Inv, Will++
                  | Int+3} (Okawaru gifted it to you on level 15 of the
                  | Dungeon)
 12298 | D:15     | Received a gift from Okawaru
 12563 | D:15     | Found a staircase to the Depths.
 12581 | D:15     | Reached skill level 10 in Throwing
 12752 | Lair:1   | Entered Level 1 of the Lair of Beasts
 13333 | Lair:1   | Found a glowing silver altar of Zin.
 13642 | Lair:2   | Reached skill level 17 in Fighting
 13704 | Lair:2   | Found a hole to the Spider Nest.
 13773 | Lair:2   | Received a gift from Okawaru
 14268 | Lair:3   | Found a gate leading to a gauntlet.
 14280 | Gauntlet | Entered a Gauntlet
 14280 | Gauntlet | Found a transporter.
 14286 | Gauntlet | Found a transporter.
 14286 | Gauntlet | Found a transporter.
 14290 | Gauntlet | Found a transporter.
 14314 | Gauntlet | Found a runed translucent door.
 14314 | Gauntlet | Found a transporter.
 14316 | Gauntlet | Found a transporter.
 14316 | Gauntlet | Found a transporter.
 14359 | Gauntlet | Found a runed translucent door.
 14359 | Gauntlet | Found a runed translucent door.
 14362 | Gauntlet | Found a transporter.
 14364 | Gauntlet | Found a transporter.
 14369 | Gauntlet | Found a transporter.
 14394 | Gauntlet | Found a transporter.
 14401 | Gauntlet | Found a transporter.
 14402 | Gauntlet | Found a transporter.
 14409 | Gauntlet | Identified the ring "Bauxkiba" {rF- rC+ rN+ AC+4}
 14415 | Gauntlet | Found a transporter.
 14501 | Gauntlet | Got the Octavo of Accelerants and Displacement
 14772 | Lair:3   | Reached XP level 15. HP: 147/147 MP: 20/20
 15422 | Lair:4   | Found a shimmering altar of Xom.
 15517 | Lair:4   | Found a viscous altar of Jiyva.
 15517 | Lair:4   | Found a staircase to the Slime Pits.
 15854 | Lair:4   | Identified the +2 executioner's axe of Noon {freeze,
                  | *Corrode rElec Int+5 Dex+4} (Okawaru gifted it to you on
                  | level 4 of the Lair of Beasts)
 15854 | Lair:4   | Received a gift from Okawaru
 16009 | Lair:5   | Entered Level 5 of the Lair of Beasts
 16191 | Lair:5   | Identified the +1 hat of Valiance {rF- rN++ Regen+ SInv}
                  | (Okawaru gifted it to you on level 5 of the Lair of Beasts)
 16191 | Lair:5   | Received a gift from Okawaru
 16294 | Lair:5   | Paralysed by a hornet for 3 turns
 16362 | Lair:5   | Reached skill level 10 in Invocations
 16601 | Lair:5   | Reached skill level 18 in Fighting
 16753 | Lair:5   | Received a gift from Okawaru
 17440 | D:4      | Bought the +15 Maxwell's patent armour {-Cast -Tele rElec
                  | Will+ rCorr} for 1064 gold pieces
 17440 | D:4      | Found the +15 Maxwell's patent armour {-Cast -Tele rElec
                  | Will+ rCorr}
 17578 | Orc:1    | Entered Level 1 of the Orcish Mines
 17924 | Orc:2    | Entered Level 2 of the Orcish Mines
 17934 | Orc:2    | Reached XP level 16. HP: 140/158 MP: 23/23
 17965 | Orc:1    | Found Turits's Jewellery Boutique.
 18099 | Orc:2    | Noticed Josephine
 18110 | Orc:2    | Killed Josephine
 18233 | Orc:2    | Found a staircase to the Elven Halls.
 18256 | Elf:1    | Entered Level 1 of the Elven Halls
 18264 | Elf:1    | Received a gift from Okawaru
 18333 | Elf:1    | Received a gift from Okawaru
 18346 | Elf:1    | Reached skill level 15 in Shields
 18354 | Elf:1    | Reached skill level 15 in Armour
 18373 | Elf:1    | Received a gift from Okawaru
 18528 | Elf:1    | Received a gift from Okawaru
 18648 | Elf:1    | Found a runed translucent gate.
 18648 | Elf:1    | Found a runed translucent gate.
 18648 | Elf:1    | Found a runed translucent gate.
 18648 | Elf:1    | Noticed an acid blob
 18649 | Elf:1    | Found a viscous altar of Jiyva.
 18649 | Elf:1    | Noticed holysushi's ghost (journeyman HOMo)
 18649 | Elf:1    | Found the +0 pair of fencer's gloves {Riposte Dex+3}
 18768 | Elf:1    | Identified the staff of fire "Hegyge" {*Slow rElec rF+
                  | Dex+8 SInv}
 18810 | Elf:1    | Got the Compilation of Familiar Percussion
 19419 | Elf:2    | Noticed Saint Roka
 19438 | Elf:2    | Killed Saint Roka
 19438 | Elf:2    | Received a gift from Okawaru
 19439 | Elf:2    | Reached skill level 19 in Fighting
 19471 | Elf:2    | Found Zywker's Antique Weapon Emporium.
 19575 | Elf:2    | Found a runed translucent gate.
 19576 | Elf:2    | Found a runed translucent gate.
 19576 | Elf:2    | Found a runed translucent gate.
 19632 | Elf:2    | Received a gift from Okawaru
 19698 | Elf:2    | Received a gift from Okawaru
 19779 | Elf:2    | Paralysed by an air elemental for 1 turns
 19883 | Elf:2    | Identified the +5 mace "Giumyhoth" {venom, Str+2 Int+2
                  | Dex+2}
 20021 | Elf:2    | Noticed a deep elf blademaster
 20037 | Elf:2    | Received a gift from Okawaru
 20037 | Elf:2    | HP: 4/161 [deep elf knight/shard of ice (17)]
 20037 | Elf:2    | Slain by a deep elf blademaster

Illustrated notes

Levels and vault maps discovered:
D:1:      psy_arrival_basics, layout_loops_ring
D:2:      layout_loops_corners, minivault_4, uniq_crazy_yiuf_cottage,
          uniq_natasha
D:3:      layout_basic, serial_shops, nicolae_shop_crystal, item_on_display_a
D:4:      layout_rooms, serial_shops, nicolae_shop_crystal, shop,
          nicolae_shop_hallway_plus, st_stairs_13, grunt_decor_arrowhead
D:5:      corexii_shack_village, layout_basic, chequers_serial_rivers_micro_e,
          dreamdust_gnoll_farm, uniq_blork_the_orc
D:6:      layout_basic, nicolae_uskayaw_en_pointe, serial_shops,
          nicolae_shop_behind_doors, gup_sewer_entry_pipe,
          lightli_ossuary_entry_decrepit_ruins, uniq_duvessa, uniq_maggie,
          uniq_grinder
D:7:      layout_basic, minmay_temple_entry_poolview, nrook_mini_backslash
D:8:      layout_loops_ring, david_lair_generic, jiyva_altar_1
D:9:      layout_cave_pools, dk_xom_monty_hall, orc_0_dummy, uniq_harold,
          uniq_grum
D:10:     layout_cave_pools, mainiacjoe_overflow_swirl, uniq_maurice
D:11:     layout_long_grid, minivault_21, kennysheep_generic_room_10
D:12:     layout_basic, uniq_rupert, uniq_sonja
D:13:     layout_irregular_city, skrybe_vaults_entry_preservation, uniq_snorg
D:14:     layout_loops_ring, nrook_campfire, gammafunk_ghost_fury_of_okawaru,
          fungi_pond_lemuel, nicolae_stop_n_shop_2
D:15:     hangedman_depths_entry_try_elsewhere_first, layout_loops_ring,
          serial_bayou_lagoon_a, serial_shops, nicolae_shop_overgrown_old_shop
Temple:   eino_narrow_crystal_temple
Lair:1:   layout_roguey, basic_altar
Lair:2:   layout_hall_layers, nicolae_shoals_entry_flooding,
          spider_nest_entry_web_field, nicolae_quartered_pool_impasse,
          grunt_forest_small_clearing_treed
Lair:3:   layout_gridlike, gauntlet_entry_generic
Lair:4:   layout_concentric_octagons, slime_entry_1, basic_altar,
          chequers_serial_rivers_micro_e, grunt_forest_large_clearing_hut
Lair:5:   hangedman_lair_tendril_chambers, layout_regular_city,
          hangedman_lair_caniforms_friends, minmay_lair_drake_nest
Orc:1:    layout_caves, serial_shops, nicolae_shop_statue_plus
Orc:2:    grunt_orc_community_town_hall, layout_caves,
          grunt_orc_community_big_house_2, grunt_orc_community_big_house_2,
          grunt_orc_community_house_2, grunt_orc_community_house_2,
          grunt_orc_community_house_2, grunt_orc_community_house_2,
          grunt_orc_community_house_2, grunt_orc_community_house_2,
          uniq_josephine
Elf:1:    elf_arrival_001, layout_geoelf_grid, gammafunk_ghost_ooze,
          minmay_elf_sorcery, hex_large, minivault_26
Elf:2:    nicolae_elf_blades_crystal_corner, layout_geoelf_diagonals,
          serial_shops, nicolae_square_shop, uniq_saint_roka

Skill      XL: |  1  2  3  4  5  6  7  8  9 10 11 12 13 14 15 16 |
---------------+-------------------------------------------------+-----
Axes           | 3 4 5 7 8 10 11 13 14 16 17 18 | 18.0
Fighting       | 4 5 6 7 8 10 11 13 14 16 17 18 19 | 19.4
Armour         | 4 5 6 7 9 10 11 12 13 14 16 | 16.0
Shields        | 4 5 6 7 9 10 11 12 13 14 16 | 16.1
Throwing       | 1 2 3 4 5 6 7 8 9 10 | 10.0
Invocations    | 3 5 6 7 9 10 12 | 12.1

Action                     |  1- 3 |  4- 6 |  7- 9 | 10-12 | 13-15 | 16-18 || total
---------------------------+-------+-------+-------+-------+-------+-------++-------
  Melee: War axe           |    78 |    84 |   333 |   207 |       |       ||   702
         Headbutt          |     6 |    16 |    51 |    69 |   160 |    53 ||   355
         Broad axe         |       |       |       |    88 |   618 |   255 ||   961
  Throw: Dart              |       |       |       |    17 |     3 |       ||    20
 Invoke: Heroism           |       |       |       |     4 |     3 |       ||     7
         Finesse           |       |       |       |       |     4 |       ||     4
    Use: Scroll            |       |     3 |    12 |     9 |    14 |     3 ||    41
         Potion            |       |     1 |     3 |       |       |     3 ||     7
 Armour: Scale mail        |    37 |    59 |    85 |       |       |       ||   181
         Plate armour      |       |       |   119 |   134 |   301 |   119 ||   673
  Dodge: Dodged            |    34 |    26 |    74 |    41 |    89 |    36 ||   300
  Block: Buckler           |     9 |    10 |       |       |       |       ||    19
         Tower shield      |       |    76 |   398 |   420 |   670 |   221 ||  1785
         Reflection        |       |       |       |    21 |    28 |       ||    49

Table legend: (Time is in decaauts)
 A = Elapsed time spent in this place.
 B = Non-inter-level travel time spent in this place.
 C = Inter-level travel time spent in this place.
 D = Time resting spent in this place.
 E = Time spent auto-exploring this place.
 F = Levels seen in this place.
 G = Mean time per level.
                   A        B        C        D        E       F      G
               +--------+--------+--------+--------+--------+-----+--------+
         Total |  20296 |  19194 |   1102 |    488 |  11807 |  27 |  751.7 |
       Dungeon |  12760 |  11909 |    851 |    281 |   7822 |  15 |  850.7 |
        Temple |     16 |     16 |      0 |      0 |      0 |   1 |   16.0 |
          Lair |   4220 |   4009 |    211 |      0 |   2637 |   5 |  844.0 |
  Orcish Mines |    672 |    653 |     19 |      0 |    309 |   2 |  336.0 |
   Elven Halls |   1755 |   1736 |     19 |    173 |    864 |   2 |  877.5 |
       Ossuary |    534 |    534 |      0 |     25 |    103 |   1 |  534.0 |
      Gauntlet |    335 |    335 |      0 |      9 |     71 |   1 |  335.0 |
               +--------+--------+--------+--------+--------+-----+--------+

Top non-repeatable levels by time:
     D:5: 1361 daAuts
  Lair:5: 1249 daAuts
     D:6: 1215 daAuts
   Elf:1: 1016 daAuts
    D:13: 1007 daAuts
    D:12: 934 daAuts
     D:2: 893 daAuts
    D:14: 883 daAuts
     D:3: 862 daAuts
    D:15: 842 daAuts
     D:7: 808 daAuts
     D:1: 794 daAuts
  Lair:4: 784 daAuts
  Lair:2: 749 daAuts
   Elf:2: 739 daAuts
